 Dungeon Crawl Stone Soup version 0.31.0-11-ge490571c62 (webtiles) character file.

Game seed: 13818153968676422659

99175 Aviak the Fencer (level 16, -10/157 HPs)
             Began as a Merfolk Conjurer on Jan 31, 2024.
             Was a High Priest of Ashenzari.
             Mangled by a titanic slime creature (92 damage)
             ... on level 15 of the Dungeon.
             The game lasted 01:19:02 (29088 turns).

Aviak the Fencer (Merfolk Conjurer)                Turns: 29088, Time: 01:19:03

Health: -10/157    AC: 12    Str:  7    XL:     16   Next: 24%
Magic:  0/25       EV: 30    Int: 21    God:    Ashenzari [*****.]
Gold:   611        SH: 16    Dex: 20    Spells: 24/27 levels left

rFire   . . .        I - +4 long sword of the Oracular Doubts {elec, Self, Sorc} (curse)
rCold   + + .        i - +2 kite shield "Overhang to Understand" {rC+, Melee, Self} (curse)
rNeg    . . .        Q - +0 steam dragon scales of the Cryptic Sphere {Fort, Self} (curse)
rPois   +            w - +0 helmet "Sun of the Ruined Sage" {Sorc, Dev} (curse)
rElec   .            K - scarf "Mantic Oracle" {repulsion, rPois Will+ Regen+ Int+3, Melee, Self} (curse)
rCorr   .            e - +3 Mad Mage's Maulers {Infuse+∞ VampMP -Cast}
SInv    +            G - +1 pair of boots of the Astral Augurer {Fly, Fort, Melee} (curse)
Will    ++...        D - amulet "Bound Negligence" {Spirit, Bglg, Fort} (curse)
Stlth   +++          E - ring "Ensconced Seeker" {EV+5, Dev, Cun} (curse)
HPRegen 1.26/turn    C - ring "Gaze Upon Infinity" {rC+, Self, Comp} (curse)
MPRegen 0.19/turn

%: no spellcasting, repel missiles, clarity, guardian spirit
@: marked, flying
A: (nimble swimmer 2), mertail
a: Renounce Religion, Curse Item, Shatter the Chains


You were on level 15 of the Dungeon.
You worshipped Ashenzari.
Ashenzari was extremely pleased with you.
You visited 3 branches of the dungeon, and saw 22 of its levels.
You also visited: Bailey and Ice Cave.

You collected 2743 gold pieces.
You spent 2132 gold pieces at shops.

Inventory:

Hand Weapons
 y - the +3 dagger "Spiderbane" {holy, rC+++ Int-4 Dex+3}
   (You found it in a bailey)

   Int-4:     It affects your intelligence (-4).
   Dex+3:     It affects your dexterity (+3).
   rC+++:     It renders you almost immune to cold.
 I - the cursed +4 long sword of the Oracular Doubts (weapon) {elec, Self, Sorc}
   (You took it off a wight on level 9 of the Dungeon)

   It has a curse which improves the following skills: Introspection: Fighting
   and Spellcasting.
   Sorcery:   Conjurations and Alchemy.
Missiles
 d - 3 throwing nets {!f}
Armour
 e - the +3 Mad Mage's Maulers (worn) {Infuse+∞ VampMP -Cast}
   (You found it on level 11 of the Dungeon)

   Infuse+∞: It empowers its wearer's blows with all of their magic.
   VampMP:    Blows struck in melee replenish the wearer's magic.
   -Cast:     It prevents spellcasting.
 i - the cursed +2 kite shield "Overhang to Understand" (worn) {rC+, Melee, Self}
   (You found it in an ice cave)

   It has a curse which improves the following skills: Melee Combat: Short
   Blades, Long Blades, Axes, Maces & Flails, Polearms, Staves and Unarmed
   Combat.
   Introspection: Fighting and Spellcasting.
 w - the cursed +0 helmet "Sun of the Ruined Sage" (worn) {Sorc, Dev}
   (You found it on level 6 of the Dungeon)

   It has a curse which improves the following skills: Sorcery: Conjurations and
   Alchemy.
   Devices:   Evocations and Shapeshifting.
 x - a +1 pair of boots
 G - the cursed +1 pair of boots of the Astral Augurer (worn) {Fly, Fort, Melee}
   (You found it in a bailey)

   It has a curse which improves the following skills: Fortitude: Armour and
   Shields.
   Melee Combat: Short Blades, Long Blades, Axes, Maces & Flails, Polearms,
   Staves and Unarmed Combat.
 H - +0 acid dragon scales {rCorr}
 K - the cursed scarf "Mantic Oracle" (worn) {repulsion, rPois Will+ Regen+ Int+3, Melee, Self}
   (You acquired it on level 1 of the Lair of Beasts)

   Int+3:     It affects your intelligence (+3).
   rPois:     It protects you from poison Will+: It increases your willpower.
   Regen+:    It increases your rate of health regeneration.
   It has a curse which improves the following skills: Melee Combat: Short
   Blades, Long Blades, Axes, Maces & Flails, Polearms, Staves and Unarmed
   Combat.
   Introspection: Fighting and Spellcasting.
 Q - the cursed +0 steam dragon scales of the Cryptic Sphere (worn) {Fort, Self}
   (You found it on level 2 of the Lair of Beasts)

   It has a curse which improves the following skills: Fortitude: Armour and
   Shields.
   Introspection: Fighting and Spellcasting.
 X - the +2 helmet of Subjectivity {Will+}
   (You bought it in a shop on level 2 of the Orcish Mines)

   Will+:     It increases your willpower.
Jewellery
 v - the ring "Ylewup" {rF+ rN+ rCorr Int+6}
   (You bought it in a shop on level 2 of the Orcish Mines)

   [ring of resist corrosion]

   Int+6:     It affects your intelligence (+6).
   rF+:       It protects you from fire.
   rN+:       It protects you from negative energy.
   rCorr:     It protects you from acid and corrosion.
 B - a ring of willpower
 C - the cursed ring "Gaze Upon Infinity" (right hand) {rC+, Self, Comp}
   (You found it on level 1 of the Lair of Beasts)

   [ring of protection from cold]

   rC+:       It protects you from cold.
   It has a curse which improves the following skills: Introspection: Fighting
   and Spellcasting.
   Companions: Summonings and Necromancy.
 D - the cursed amulet "Bound Negligence" (around neck) {Spirit, Bglg, Fort}
   (You found it on level 12 of the Dungeon)

   [amulet of guardian spirit]

   Spirit:    It causes incoming damage to be divided between your reserves of
   health and magic.
   It has a curse which improves the following skills: Beguiling: Hexes and
   Translocations.
   Fortitude: Armour and Shields.
 E - the cursed ring "Ensconced Seeker" (left hand) {EV+5, Dev, Cun}
   (You found it on level 6 of the Dungeon)

   [ring of evasion]

   EV+5:      It affects your evasion (+5).
   It has a curse which improves the following skills: Devices: Evocations and
   Shapeshifting.
   Cunning:   Dodging and Stealth.
 L - the ring of Attitude {rPois Will+ AC+4 Str-5 Dex+3}
   (You bought it in a shop on level 11 of the Dungeon)

   [ring of protection]

   AC+4:      It affects your AC (+4).
   Str-5:     It affects your strength (-5).
   Dex+3:     It affects your dexterity (+3).
   rPois:     It protects you from poison Will+: It increases your willpower.
 Y - a ring of fire
 Z - a ring of positive energy
Talismans
 U - a granite talisman
Wands
 m - a wand of paralysis (7)
 o - a wand of light (11)
 A - a wand of digging (3)
 F - a wand of roots (10)
 M - a wand of polymorph (6)
 V - a wand of flame (4)
Scrolls
 a - 3 scrolls of immolation
 g - 3 scrolls of enchant armour
 j - 2 scrolls of revelation
 n - a scroll of enchant weapon
 q - a scroll of vulnerability {!r}
 t - 4 scrolls of teleportation
 J - 3 scrolls of brand weapon
 O - 3 scrolls of fear
 R - a scroll of torment {!r}
Potions
 b - 4 potions of magic
 c - a potion of curing
 f - 4 potions of haste
 h - 5 potions of heal wounds
 l - 3 potions of cancellation
 p - 2 potions of might
 r - a potion of brilliance
 s - 2 potions of mutation {!q}
 z - 5 potions of enlightenment
 N - 9 potions of ambrosia
 W - a potion of resistance
Miscellaneous
 k - a phial of floods
 u - a tin of tremorstones (1/2)
 P - a box of beasts (inert)
 S - a phantom mirror
 T - a lightning rod (4/4)


   Skills:
 + Level 17.3(23.0) Fighting
 - Level 19.5(23.4) Long Blades
 - Level 1.0(3.2) Polearms
 + Level 17.5(19.4) Dodging
 - Level 2.1(3.8) Stealth
 + Level 10.5(14.6) Shields
 - Level 2.0(6.0) Spellcasting
 - Level 4.0(6.8) Conjurations
 - Level 8.8(12.0) Evocations


You had 24 spell levels left.
You knew the following spells:

 Your Spells              Type           Power      Damage    Failure   Level
a - Magic Dart            Conj           100%       1d8       1%          1
b - Searing Ray           Conj           70%        2d7       2%          2

Your spell library contained the following spells:

 Spells                   Type           Power      Damage    Failure   Level
 Foxfire                  Conj/Fire      80%        2x1d8     6%          1
 Sting                    Conj/Alch      84%        1d8       6%          1
 Momentum Strike          Conj/Tloc      42%        3d9       9%          2
 Static Discharge         Conj/Air       40%        3-5/arc   10%         2
 Dazzling Flash           Conj/Hex       42%        N/A       19%         3
 Hailstorm                Conj/Ice       20%        3d7       19%         3
 Necrotise                Necr           28%        1d5       24%         1
 Slow                     Hex            28%        N/A       24%         1
 Freeze                   Ice            24%        1d4       26%         1
 Mephitic Cloud           Conj/Alch/Air  16%        N/A       28%         3
 Blink                    Tloc           14%        N/A       34%         2
 Lesser Beckoning         Tloc           14%        N/A       34%         2
 Sublimation of Blood     Necr           7%         N/A       34%         2
 Cigotuvi's Dreadful Rot  Necr/Alch/Air  14%        N/A       36%         2
 Mercury Vapours          Alch/Air       14%        N/A       36%         2
 Fulminant Prism          Conj/Alch      10%        3d9       52%         4
 Iskenderun's Mystic Bla  Conj/Tloc      21%        2d6       52%         4
 Flame Wave               Conj/Fire      20%        2d7       54%         4
 Call Canine Familiar     Summ           7%         N/A       56%         3
 Confusing Touch          Hex            7%         N/A       56%         3
 Gell's Gravitas          Tloc           7%         N/A       56%         3
 Sigil of Binding         Hex            7%         N/A       56%         3
 Teleport Other           Tloc           7%         N/A       56%         3
 Vampiric Draining        Necr           7%         2d6       56%         3
 Inner Flame              Hex/Fire       6%         N/A       58%         3
 Summon Ice Beast         Ice/Summ       6%         N/A       58%         3
 Frozen Ramparts          Ice            12%        1d2       61%         3
 Olgreb's Toxic Radiance  Alch           8%         N/A       92%         4
 Dimensional Bullseye     Hex/Tloc       3%         N/A       93%         4
 Dispel Undead            Necr           7%         3d8       93%         4
 Martyr's Knell           Necr/Summ      7%         N/A       93%         4
 Ignite Poison            Fire/Alch      7%         N/A       94%         4
 Sticky Flame             Fire/Alch      7%         2d4       94%         4
 Summon Lightning Spire   Summ/Air       6%         N/A       94%         4
 Airstrike                Air            3%         2d(1-17)  95%         4
 Curse of Agony           Necr           7%         N/A       100%        5
 Silence                  Hex/Air        3%         N/A       100%        5
 Summon Mana Viper        Hex/Summ       7%         N/A       100%        5
 Death Channel            Necr           3%         N/A       100%        6
 Plasma Beam              Fire/Air       3%         2x1d13    100%        6
 Sculpt Simulacrum        Ice/Alch       3%         N/A       100%        6
 Starburst                Conj/Fire      10%        6d5       100%        6
 Haunt                    Necr/Summ      3%         N/A       100%        7
 Monstrous Menagerie      Summ           3%         N/A       100%        7
 Ozocubu's Refrigeration  Ice            3%         4d8       100%        7
 Borgnjor's Revivificati  Necr           3%         N/A       100%        8
 Discord                  Hex            3%         N/A       100%        8
 Polar Vortex             Ice            3%         N/A       100%        9


Dungeon Overview and Level Annotations

Branches:
Dungeon (15/15)            Temple (0/1) D:4            Lair (5/5) D:11
  Swamp (0/4) Lair:3        Snake (0/4) Lair:3        Slime (0/5) Lair:4
    Orc (2/2) D:11            Elf (0/3) Orc:2        Vaults (0/5) D:14
 Bailey (visited)           IceCv (visited)
 Depths: D:15

Altars:
Ashenzari
Gozag
Nemelex Xobeh
Ru
The Shining One

Shops:
D:1 !(   D:2 (((   D:8 !   D:11 =   Orc:2 =:[[


Innate Abilities, Weirdness & Mutations

((You are very nimble when in or above water. (Stealth+, EV+, Speed+++)))
Your lower body shifts to a powerful aquatic tail in water.


Message History

A very large slime creature splits.
You slash the brown ugly thing!
Lightning courses through the brown ugly thing!
The brown ugly thing is almost dead.
You slice the brown ugly thing!!
Lightning courses through the brown ugly thing!
You kill the brown ugly thing!
Your lightning rod (4/4) has regained one charge.
You slice the large slime creature!!
Lightning courses through the large slime creature!
The large slime creature is moderately wounded.
The large slime creature completely misses you.
Two slime creatures merge to form a very large slime creature.
A large slime creature splits.
You slash the very large slime creature!
Lightning courses through the very large slime creature!!
The very large slime creature is moderately wounded.
Two slime creatures merge to form an enormous slime creature.
You slice the enormous slime creature!!
The enormous slime creature is moderately wounded.
A deep elf pyromancer comes into view. It is wielding a +0 long sword.
You block the enormous slime creature's attack.
You slash the enormous slime creature!
The enormous slime creature is heavily wounded.
Two slime creatures merge to form a titanic slime creature.
You slice the titanic slime creature!!
Lightning courses through the titanic slime creature!
The titanic slime creature is heavily wounded.
You hear a grinding noise.
You hit the titanic slime creature.
Lightning courses through the titanic slime creature!
The titanic slime creature is heavily wounded.
The deep elf pyromancer casts a spell.
The deep elf pyromancer blinks!
The titanic slime creature attacks as it pursues you!
The titanic slime creature hits you!!!!
You open the lid... ...and a mature batox beast flies out!
The box is emptied!
The titanic slime creature hits you!!!!
Ouch! That really hurt!
You die...

##### #...# #)..# #...#
#)..##########
###############.............
#.<....<.H.@Jcu.............
###############.............
#.............
#.........)...
#.............
**************#.............
*,,,,,,,,,,,,.{.............
*,,,,,,,,,,,................
*,*********###########......


You could see a purple ugly thing, a titanic slime creature (ally target), a
centaur warrior and a friendly mature batox beast (summoned).

Vanquished Creatures
  A reaper (IceCv)
  A minotaur (D:11)
  Nessos (D:13)
  A dire elephant (Lair:5)
  An ettin (Orc:1)
  Josephine (D:13)
  9 hydras
  Erolcha (Orc:1)
  5 centaur warriors
  The ghost of Domino the Cleaver, a novice MiFi of Qazlal (D:11)
  A catoblepas (D:14)
  4 two-headed ogres
  6 boulder beetles
  9 death yaks
  A spectral dire elephant (Lair:5)
  A tengu warrior (D:12)
  Urug (Lair:4)
  4 orc high priests (Orc:2)
  A fire crab (shapeshifter) (D:11)
  2 skysharks (Lair:5)
  A spectral anaconda (Lair:5)
  A flayed ghost (D:12)
  2 skeletal warriors (D:12)
  An obsidian statue (Lair:5)
  15 ugly things
  4 necromancers (Lair:5)
  4 orc knights
  A deep elf zephyrmancer (D:12)
  5 orc sorcerers (Orc:2)
  A deep elf pyromancer (D:13)
  4 cyclopes
  A manticore (D:13)
  Maurice (Orc:1)
  A manticore (shapeshifter) (D:14)
  4 kobold blastminers
  2 ice statues (IceCv)
  13 elephants (Lair:5)
  3 meliai (D:13)
  6 slime creatures
  A torpor snail (Lair:3)
  6 black mambas
  8 cane toads
  A cane toad (shapeshifter) (D:14)
  An unseen horror (D:13)
  2 gargoyles
  9 komodo dragons
  A kobold demonologist (D:12)
  An anaconda simulacrum (IceCv)
  3 rime drakes
  4 ice devils (IceCv)
  A queen bee (D:13)
  A polar bear (Lair:3)
  A hornet (D:7)
  6 trolls
  5 dream sheep
  2 spectral elephants (Lair:5)
  3 dire elephant simulacra
  7 wraiths
  7 wyverns
  3 vampires
  4 wargs (Orc:1)
  57 yaks
  15 vampire mosquitoes
  5 basilisks
  5 steam dragons
  2 nagas (Lair:3)
  A harpy simulacrum (IceCv)
  3 spectral cane toads (Lair:5)
  4 death yak simulacra
  3 acid dragons
  6 hydra simulacra (IceCv)
  Duvessa (D:5)
  11 water moccasins
  15 orc warriors
  5 black bears
  4 ice beasts
  A sky beast (shapeshifter) (D:14)
  2 sky beasts (D:7)
  A swamp drake (Lair:4)
  2 elephant zombies (Lair:5)
  7 ogres
  5 wolves (Lair:2)
  7 centaurs
  2 elephant skeletons (Lair:5)
  2 phantoms
  2 kobold brigands
  Blork the orc (D:5)
  12 bullfrogs
  A scorpion (D:5)
  5 cane toad simulacra
  3 gnoll sergeants
  6 wights
  Dowan (D:5)
  An elephant simulacrum (IceCv)
  31 killer bees
  4 howler monkeys
  5 electric eels
  6 hounds
  14 orc priests
  A bombardier beetle (D:7)
  16 jellies
  Crazy Yiuf (D:3)
  Jessica (D:3)
  A gnoll bouda (D:4)
  19 iguanas
  27 orc wizards
  A spriggan simulacrum (IceCv)
  Terence (D:3)
  A polar bear simulacrum (IceCv)
  25 gnolls
  6 adders
  A naga simulacrum (IceCv)
  A river rat (D:4)
  A shadow imp (D:6)
  A white imp (D:7)
  5 ufetubi
  2 dart slugs
  A ribbon worm (D:3)
  58 orcs
  7 bats
  7 endoplasms
  6 giant cockroaches
  4 hobgoblins
  4 jackals (D:1)
  25 kobolds
  3 quokkas
  11 ball pythons
  10 frilled lizards
  12 goblins
  8 rats
724 creatures vanquished.

Vanquished Creatures (collateral kills)
  A wyvern (D:11)
  A jelly (Lair:4)
  A gnoll (D:4)
3 creatures vanquished.

Vanquished Creatures (others)
  A polar bear (Lair:4)
  A bullfrog (D:7)
  2 orc wizards
  4 orcs
8 creatures vanquished.

Grand Total: 735 creatures vanquished

Notes
Turn   | Place    | Note
-------+----------+-------------------------------------------
     0 | D:1      | Aviak the Merfolk Conjurer began the quest for the Orb.
     0 | D:1      | Reached XP level 1. HP: 13/13 MP: 3/3
   191 | D:1      | Found Acwicao's Antique Weapon Shoppe.
   198 | D:1      | Found Eroewn's Distillery.
   276 | D:1      | Reached XP level 2. HP: 20/20 MP: 0/5
   397 | D:1      | Reached skill level 1 in Fighting
   811 | D:1      | Learned a level 2 spell: Searing Ray
  1184 | D:1      | Reached XP level 3. HP: 26/26 MP: 4/6
  1585 | D:2      | You fall into a shaft and drop 2 floors!
  1866 | D:2      | Found Heviw's Antique Weapon Boutique.
  1871 | D:2      | Reached skill level 1 in Polearms
  1916 | D:2      | Found Yxasalapn's Antique Weapon Shop.
  2018 | D:2      | Found Fafanoiju's Antique Weapon Shop.
  2349 | D:2      | Reached XP level 4. HP: 33/33 MP: 7/7
  2387 | D:2      | Found a broken altar of Ashenzari.
  2404 | D:2      | Became a worshipper of Ashenzari the Shackled
  2462 | D:3      | Noticed Jessica
  2477 | D:3      | Killed Jessica
  2478 | D:3      | Reached skill level 1 in Long Blades
  2487 | D:3      | Reached XP level 5. HP: 6/39 MP: 3/8
  2748 | D:3      | Found a runed translucent door.
  2749 | D:3      | Noticed Crazy Yiuf
  2757 | D:3      | Killed Crazy Yiuf
  2758 | D:3      | Reached skill level 2 in Long Blades
  3111 | D:3      | Found a sacrificial altar of Ru.
  3156 | D:3      | Found a broken altar of Ashenzari.
  3164 | D:3      | Found a sparkling altar of Nemelex Xobeh.
  3164 | D:3      | Noticed Terence
  3182 | D:3      | Killed Terence
  3304 | D:3      | Found an opulent altar of Gozag.
  3618 | D:4      | Reached XP level 6. HP: 24/47 MP: 1/9
  3733 | D:4      | Reached skill level 3 in Long Blades
  3733 | D:4      | Reached skill level 5 in Dodging
  3733 | D:4      | Reached skill level 1 in Shields
  4212 | D:4      | Reached skill level 1 in Evocations
  4521 | D:4      | Reached XP level 7. HP: 53/53 MP: 2/10
  4630 | D:4      | Found a staircase to the Ecumenical Temple.
  4922 | D:5      | Entered Level 5 of the Dungeon
  5103 | D:5      | Reached * piety under Ashenzari
  5103 | D:5      | Identified a scroll of acquirement
  5186 | D:5      | Noticed Dowan
  5194 | D:5      | Killed Dowan
  5197 | D:5      | Noticed Duvessa
  5219 | D:5      | Killed Duvessa
  5220 | D:5      | Reached skill level 4 in Long Blades
  5664 | D:4      | Reached XP level 8. HP: 31/63 MP: 3/11
  5818 | D:5      | Acquired a manual of Fighting
  6035 | D:5      | Reached skill level 5 in Fighting
  6378 | D:5      | Noticed Blork the orc
  6386 | D:5      | Killed Blork the orc
  6387 | D:5      | Reached skill level 5 in Long Blades
  7597 | D:6      | Reached skill level 6 in Long Blades
  7707 | D:6      | Noticed a yak
  7710 | D:6      | Noticed a yak
  7713 | D:6      | Noticed a yak
  7732 | D:6      | Killed a yak
  7733 | D:6      | Reached XP level 9. HP: 48/74 MP: 1/12
  7954 | D:6      | Reached ** piety under Ashenzari
  8934 | D:7      | Reached skill level 7 in Long Blades
  9341 | D:7      | Noticed a two-headed ogre
  9355 | D:7      | Killed a two-headed ogre
  9356 | D:7      | Reached skill level 8 in Long Blades
  9356 | D:7      | Reached XP level 10. HP: 87/87 MP: 7/14
  9463 | D:7      | Reached skill level 10 in Fighting
  9563 | D:7      | Reached skill level 10 in Dodging
 10482 | D:7      | Noticed a green ugly thing
 10746 | D:7      | Killed a green ugly thing
 10747 | D:7      | Reached skill level 9 in Long Blades
 11041 | D:7      | Found a glowing golden altar of the Shining One.
 11281 | D:8      | Found Sanytad's Distillery.
 11457 | D:8      | Paralysed by a hornet for 2 turns
 11467 | D:7      | HP: 3/90 [poisoned by a hornet]
 11476 | D:7      | HP: 4/90 [hornet (2)]
 11744 | D:8      | Bought a potion of might for 40 gold pieces
 11744 | D:8      | Bought a potion of haste for 100 gold pieces
 11744 | D:8      | Bought a potion of might for 40 gold pieces
 11744 | D:8      | Bought a potion of might for 40 gold pieces
 11744 | D:8      | Bought a potion of heal wounds for 50 gold pieces
 11744 | D:8      | Bought a potion of haste for 100 gold pieces
 12900 | D:9      | Found a flagged portal.
 12935 | Bailey   | Entered a bailey
 12999 | Bailey   | Reached skill level 10 in Long Blades
 13039 | Bailey   | Reached XP level 11. HP: 70/98 MP: 5/15
 13225 | Bailey   | Noticed an orc knight
 13252 | Bailey   | Killed an orc knight
 13490 | Bailey   | Identified the +3 dagger "Spiderbane" {holy, rC+++ Int-4
                  | Dex+3}
 14741 | D:10     | Entered Level 10 of the Dungeon
 14791 | D:10     | Reached skill level 5 in Evocations
 15598 | D:11     | Reached skill level 11 in Long Blades
 15712 | D:11     | Noticed a fire crab
 15720 | D:11     | Killed a fire crab
 15898 | D:11     | Reached XP level 12. HP: 110/110 MP: 16/16
 15905 | D:11     | Found a staircase to the Orcish Mines.
 16121 | D:11     | Reached *** piety under Ashenzari
 16187 | D:11     | Noticed a two-headed ogre
 16196 | D:11     | Killed a two-headed ogre
 16197 | D:11     | Reached skill level 12 in Long Blades
 16234 | D:11     | Found a runed translucent gate.
 16240 | D:11     | Found a runed translucent gate.
 16240 | D:11     | Found a runed translucent gate.
 16240 | D:11     | Noticed a minotaur
 16250 | D:11     | Found the +3 Mad Mage's Maulers {Infuse+∞ VampMP -Cast}
 16315 | D:11     | Found Cihixa's Jewellery Emporium.
 16322 | D:11     | Bought the ring of Attitude {rPois Will+ AC+4 Str-5 Dex+3}
                  | for 583 gold pieces
 16483 | D:11     | Found a staircase to the Lair.
 16722 | D:11     | Noticed Domino's ghost (novice MiFi)
 16746 | Lair:1   | Entered Level 1 of the Lair of Beasts
 16746 | Lair:1   | Noticed a death yak
 16746 | Lair:1   | Noticed a death yak
 16746 | Lair:1   | Noticed a death yak
 16747 | Lair:1   | Noticed a death yak
 16762 | D:11     | Killed a death yak
 16779 | D:11     | Killed a death yak
 16790 | D:11     | Killed a death yak
 16791 | D:11     | Reached skill level 13 in Long Blades
 16838 | Lair:1   | Killed a death yak
 16975 | Lair:1   | You are sucked into a shaft and drop 1 floor!
 17202 | Lair:1   | Reached skill level 14 in Long Blades
 17253 | Lair:1   | Reached **** piety under Ashenzari
 17453 | Lair:1   | Reached skill level 15 in Long Blades
 17540 | Lair:1   | Acquired the scarf of Broken Taboos {repulsion, rPois Will+
                  | Regen+ Int+3}
 17647 | Lair:1   | Identified the +11 plate armour of Negligence {Will+ MP+9}
 18275 | Lair:2   | Reached skill level 16 in Long Blades
 18334 | Lair:2   | Reached XP level 13. HP: 113/113 MP: 16/16
 18942 | Lair:3   | Found a staircase to the Swamp.
 19089 | Lair:3   | Reached skill level 17 in Long Blades
 19516 | Lair:3   | Found a staircase to the Snake Pit.
 19810 | Lair:4   | Found a frozen archway.
 19818 | Lair:4   | Found a staircase to the Slime Pits.
 19828 | Lair:4   | Reached skill level 18 in Long Blades
 19860 | Lair:4   | Noticed Urug
 20084 | Lair:4   | Killed Urug
 20100 | Lair:4   | HP: 3/117 [six-headed hydra (13)]
 20136 | IceCv    | Entered an ice cave
 20446 | IceCv    | Reached skill level 19 in Long Blades
 20744 | IceCv    | Noticed a reaper
 20756 | IceCv    | Killed a reaper
 21142 | Orc:1    | Entered Level 1 of the Orcish Mines
 21147 | Orc:1    | Noticed Maurice
 21163 | Orc:1    | Killed Maurice
 21318 | Orc:2    | Entered Level 2 of the Orcish Mines
 21341 | Orc:2    | Noticed Erolcha
 21354 | Orc:1    | Noticed an ettin
 21534 | Orc:1    | Killed an ettin
 21535 | Orc:1    | Reached XP level 14. HP: 55/123 MP: 18/18
 21655 | Orc:1    | Killed Erolcha
 21865 | Orc:1    | Reached skill level 5 in Shields
 22341 | Orc:2    | Found Jexki's Antique Armour Shop.
 22606 | Orc:2    | Found a staircase to the Elven Halls.
 22783 | Orc:2    | Reached skill level 15 in Fighting
 22783 | Orc:2    | Found Zopociva's Armour Shop.
 22795 | Orc:2    | Found Detaf's Book Shoppe.
 22855 | Orc:2    | Found Evenge's Jewellery Shoppe.
 22885 | Orc:2    | Bought the +2 helmet of Subjectivity {Will+} for 379 gold
                  | pieces
 22915 | Orc:2    | Bought the ring "Ylewup" {rF+ rN+ rCorr Int+6} for 508 gold
                  | pieces
 22917 | Orc:2    | Bought a pair of runed boots for 292 gold pieces
 23018 | D:12     | Found an opulent altar of Gozag.
 23113 | D:12     | Found a runed translucent door.
 23113 | D:12     | Identified the Notes on the Adder
 23688 | D:13     | Noticed Nessos
 23708 | D:13     | Killed Nessos
 23789 | D:13     | Noticed Josephine
 23795 | D:13     | Killed Josephine
 23911 | D:13     | Identified the cursed +0 helmet "Sun of the Ruined Sage"
                  | {Sorc, Dev} (You found it on level 6 of the Dungeon)
 23911 | D:13     | Identified the cursed +1 pair of boots of the Astral
                  | Augurer {Fly, Fort, Melee} (You found it in a bailey)
 23911 | D:13     | Identified the cursed +0 steam dragon scales of the Cryptic
                  | Sphere {Fort, Self} (You found it on level 2 of the Lair of
                  | Beasts)
 24066 | D:13     | Reached ***** piety under Ashenzari
 24147 | D:13     | Reached skill level 15 in Dodging
 24793 | Lair:3   | Reached XP level 15. HP: 143/143 MP: 20/23
 25200 | Lair:5   | Entered Level 5 of the Lair of Beasts
 26042 | Lair:5   | Identified Kikubaaqudgha's Incunable of Lamentation
 26852 | D:11     | Killed Domino's ghost
 27541 | D:14     | Reached XP level 16. HP: 155/155 MP: 8/25
 27552 | D:14     | Reached skill level 10 in Shields
 27837 | D:14     | Found a gate to the Vaults.
 28899 | D:15     | Entered Level 15 of the Dungeon
 29088 | D:15     | Mangled by a titanic slime creature

Illustrated notes

Levels and vault maps discovered:
D:1:      kennysheep_arrival_forest, layout_basic, serial_shops, shop,
          nicolae_shop_hallway_plus, lemuel_flame_loot_1
D:2:      layout_basic, serial_shops, shop, shop, nicolae_shop_tiny_waterfront,
          basic_altar, minmay_tiny_reverse_x
D:3:      layout_basic, grunt_temple_overflow_cloverleaf,
          kennysheep_generic_room_13, uniq_terence, uniq_crazy_yiuf_cottage,
          uniq_jessica
D:4:      layout_basic, minmay_temple_entry_gardened_gates, portal_sewer_entry_e
D:5:      black_bear_nest_2, layout_basic, uniq_blork_the_orc, uniq_duvessa
D:6:      layout_basic, minmay_misc_feat_columns
D:7:      nzn_winding_woodlands_cross [nzn_winding_woodlands_5x15_sawtooth,
          nzn_winding_woodlands_5x15_river_crossing,
          nzn_winding_woodlands_5x15_crooked, nzn_winding_woodlands_5x15_cabin,
          nzn_winding_woodlands_15x15_boxy_spiral], layout_loops_corners,
          nicolae_tso_swordbearing_angel
D:8:      layout_rooms, serial_shops, nicolae_shop_gibbet_a_chance,
          nzn_life_drinkers
D:9:      layout_irregular_city, enter_bailey_5
D:10:     layout_basic
D:11:     layout_layer_cave, lair_entry_dummy, erik_orc_2, serial_shops, shop,
          maelrawn_ghost_gauntlet_escape
D:12:     layout_roguey, minmay_st_funbox, minmay_misc_feat_rugged,
          nicolae_gozag_seed_capital
D:13:     layout_roguey [special_room_bee], uniq_nessos, uniq_josephine
D:14:     layout_long_grid, david_vaults_4, chequers_serial_rivers_micro_a
D:15:     hellmonk_depths_entry_around_the_bend, layout_long_grid,
          kiku_gazebo_garden_becter
Lair:1:   lemuel_reptile_caves, layout_regular_city, lemuel_fruit_tree
Lair:2:   layout_gridlike
Lair:3:   layout_regular_city, minmay_swamp_entry_swarm,
          guppyfry_snake_entry_garden
Lair:4:   layout_hall_layers, minmay_slime_entry_jelly_boxes,
          portal_ice_cave_entry_ice_simulacra, pond, uniq_urug
Lair:5:   due_jungle_book, layout_small_grid, grunt_megastairs_1,
          serial_bayou_shore_a
Orc:1:    layout_caves, nooodl_orcs_dogs, uniq_maurice
Orc:2:    st_orc_elflike, layout_caves, uniq_erolcha

Skill      XL: |  1  2  3  4  5  6  7  8  9 10 11 12 13 14 15 16 |
---------------+-------------------------------------------------+-----
Dodging        | 3 4 5 6 7 9 11 12 13 15 17 | 17.5
Fighting       | 1 2 3 4 7 9 12 14 15 16 17 | 17.3
Polearms       | 1 |  1.0
Long Blades    | 1 2 3 4 6 8 10 11 16 19 | 19.5
Conjurations   | 4 |  4.0
Shields        | 1 2 4 7 9 10 | 10.5
Evocations     | 1 2 4 6 7 8 |  8.8
Stealth        | |  2.1
Spellcasting   | |  2.0

Action                     |  1- 3 |  4- 6 |  7- 9 | 10-12 | 13-15 | 16-18 || total
---------------------------+-------+-------+-------+-------+-------+-------++-------
  Melee: Unarmed           |    35 |       |       |       |       |       ||    35
         Spear             |     8 |       |       |       |       |       ||     8
         Long sword        |    15 |    63 |    34 |   437 |  1384 |    91 ||  2024
         Rapier            |       |       |   168 |   438 |       |       ||   606
         Tailslap          |       |       |     1 |    13 |       |       ||    14
   Cast: Magic Dart        |    69 |    11 |    19 |    27 |    14 |       ||   140
         Searing Ray       |     5 |    16 |    47 |    44 |     8 |       ||   120
 Invoke: Curse Item        |       |     1 |     2 |     4 |     6 |       ||    13
         Shatter the Chain |       |       |       |     2 |     2 |       ||     4
  Evoke: Wand              |       |     3 |     6 |     6 |    38 |     1 ||    54
         Lightning rod     |       |       |       |       |    13 |       ||    13
         Phantom mirror    |       |       |       |       |     1 |       ||     1
         Tin of tremorston |       |       |       |       |     1 |       ||     1
         Box of beasts     |       |       |       |       |       |     1 ||     1
    Use: Potion            |       |     3 |       |     4 |    15 |       ||    22
         Scroll            |       |       |     5 |     6 |    16 |       ||    27
   Stab: Sleeping          |     4 |     3 |     1 |     5 |    14 |     1 ||    28
         Paralysed         |       |       |    21 |    11 |     2 |       ||    34
         Distracted        |       |       |       |     3 |     3 |       ||     6
         Invisible         |       |       |       |     1 |     1 |       ||     2
         Petrified         |       |       |       |       |       |     4 ||     4
         Petrifying        |       |       |       |       |       |     2 ||     2
 Armour: Robe              |    48 |    62 |    21 |       |       |       ||   131
         Leather armour    |       |       |    98 |   177 |       |       ||   275
         Troll leather arm |       |       |       |    59 |       |       ||    59
         Steam dragon scal |       |       |       |    31 |   426 |    40 ||   497
         Skin              |       |       |       |       |    26 |       ||    26
  Dodge: Dodged            |    54 |    72 |   206 |   781 |  1109 |    38 ||  2260
         Repelled          |       |       |       |       |    10 |       ||    10
  Block: Buckler           |       |    20 |    69 |   211 |   115 |       ||   415
         Kite shield       |       |       |       |       |   878 |    59 ||   937
